 Dungeon Crawl Stone Soup version 0.29.1-12-g30fa7ad0bf (webtiles) character file.

Game seed: 6706506424990633406

11807 112233 the Spry (level 11, -3/57 HPs)
             Began as a Felid Fighter on Dec 21, 2022.
             Was an Initiate of Gozag.
             Shot with an arrow by a centaur warrior (19 damage)
             ... on level 12 of the Dungeon.
             The game lasted 00:38:12 (19671 turns).

112233 the Spry (Felid Fighter)                    Turns: 19671, Time: 00:38:12

Health: -3/57      AC:  3    Str: 14    XL:     11   Next: 54%
Magic:  14/14      EV: 27    Int: 12    God:    Gozag
Gold:   301        SH:  0    Dex: 16    Spells: 8/13 levels left
                                        Lives:  0   Deaths: 2

rFire   . . .      SeeInvis +     - Unarmed
rCold   + . .      Faith    .   (shield unavailable)
rNeg    . . .      Spirit   .   (body armour unavailable)
rPois   .          Reflect  .   (helmet unavailable)
rElec   .          Harm     .   (cloak unavailable)
rCorr   .          Rampage  .   (gloves unavailable)
Will    +....                   (boots unavailable)
Stlth   ++++++....              r - amulet of regeneration
HPRegen 0.99/turn               u - ring of wizardry
MPRegen 0.14/turn               (no ring)

@: gold aura, quick
A: very small, claws 1, fangs 3, see invisible, speed 1, shaggy fur 3, stealthy
paws, no weapons or thrown items, no armour, multi-lived, wild magic 1
a: Renounce Religion, Potion Petition, Call Merchant, Bribe Branch


You were on level 12 of the Dungeon.
You worshipped Gozag.
Gozag was aware of your devotion.
You visited 4 branches of the dungeon, and saw 19 of its levels.

You collected 3212 gold pieces.
You spent 430 gold pieces at shops.
You paid 2481 gold pieces to Gozag.

Inventory:

Jewellery
 g - an amulet of magic regeneration
 r - an amulet of regeneration (around neck)
 u - a ring of wizardry (left paw)
Wands
 e - a wand of iceblast (3)
 m - a wand of charming (1)
 y - a wand of digging (6)
Scrolls
 a - 5 scrolls of magic mapping
 b - 4 scrolls of enchant armour
 c - 2 scrolls of amnesia
 f - 3 scrolls of enchant weapon
 h - 2 scrolls of teleportation
 i - 3 scrolls of identify
 j - 2 scrolls of poison
 n - 2 scrolls of vulnerability
 q - a scroll of brand weapon
 s - 2 scrolls of fog
 t - 2 scrolls of noise
 x - 3 scrolls of immolation
Potions
 d - a potion of brilliance
 v - 2 potions of attraction
 z - a potion of degeneration
 A - a potion of flight
Miscellaneous
 k - a condenser vane (inert)
 p - a phantom mirror (inert)
 w - a tin of tremorstones (inert)
 B - a piece from Xom's chessboard (9/15)


   Skills:
 + Level 12.2 Fighting
 + Level 15.6 Dodging
 - Level 13.7 Stealth
 + Level 12.5 Unarmed Combat
 + Level 1.8 Spellcasting
 + Level 2.3 Transmutations


You had 8 spell levels left.
You knew the following spells:

 Your Spells              Type           Power      Damage    Failure   Level
a - Apportation           Tloc           2%         N/A       16%         1
b - Blink                 Tloc           2%         N/A       21%         2
c - Passwall              Tmut/Erth      4%         N/A       14%         2

Your spell library contained the following spells:

 Spells                   Type           Power      Damage    Failure   Level
 Foxfire                  Conj/Fire      4%         2x1d4     16%         1
 Necrotise                Necr           4%         1d4       16%         1
 Slow                     Hex            4%         N/A       16%         1
 Summon Small Mammal      Summ           4%         N/A       16%         1
 Ignite Poison            Fire/Tmut/Pois 3%         N/A       30%         3
 Confusing Touch          Hex            1%         N/A       38%         3
 Conjure Flame            Conj/Fire      1%         6-21      38%         3
 Gell's Gravitas          Tloc           1%         N/A       38%         3
 Inner Flame              Hex/Fire       1%         N/A       38%         3
 Mephitic Cloud           Conj/Pois/Air  1%         N/A       38%         3
 Summon Guardian Golem    Hex/Summ       1%         N/A       38%         3
 Teleport Other           Tloc           1%         N/A       38%         3
 Vampiric Draining        Necr           1%         2d6       38%         3
 Flame Wave               Conj/Fire      1%         2d4       75%         4
 Agony                    Necr           1%         N/A       96%         5
 Freezing Cloud           Conj/Ice/Air   0%         6-21      96%         5
 Manifold Assault         Tloc           1%         N/A       96%         5
 Dispersal                Tloc           0%         N/A       100%        6
 Orb of Destruction       Conj           0%         9d5       100%        7
 Spellforged Servitor     Conj/Summ      0%         N/A       100%        7
 Storm Form               Tmut/Air       2%         N/A       100%        7


Dungeon Overview and Level Annotations

Branches:
Dungeon (12/15)            Temple (1/1) D:7            Lair (5/5) D:8
  Snake (0/4) Lair:2          Orc (1/2) D:12
  Swamp: Lair:2-3    Shoals: Lair:2-3     Slime: Lair:4-5

Altars:
Ashenzari
Cheibriados
Dithmenos
Elyvilon
Fedhas
Gozag
Hepliaklqana
Kikubaaqudgha
Makhleb
Nemelex Xobeh
Okawaru
Qazlal
Ru
Sif Muna
Trog
Uskayaw
Vehumet
Wu Jian
Xom
Yredelemnul
Zin
The Shining One
Lugonu

Shops:
Orc:1 *

Annotations:
D:7 exclusion: downstairs
D:9 exclusion: downstairs
D:10 exclusion: downstairs
D:11 Snorg
D:12 1 runed translucent door, raetorn's ghost, journeyman KoBr
Lair:1 exclusion: oklob plant
Lair:2 1 runed translucent door, Toxa551's ghost, journeyman HOFi
Lair:3 Gastronok
Lair:5 2 runed translucent doors, H0rd4k's ghost, journeyman OpAr; Rupert


Innate Abilities, Weirdness & Mutations

You have sharp claws.
You have razor-sharp teeth.
You have supernaturally acute eyesight. (SInv)
You cover ground quickly. (Speed+)
Your thick and shaggy fur keeps you warm. (AC +3, rC+)
Your paws help you pounce on unaware monsters.
You are incapable of wielding weapons or throwing items.
You cannot wear armour.
You gain extra lives every three experience levels.
Your spells are a little harder to cast, but a little more powerful.


Message History

You now have 301 gold pieces (gained 6).
Things that are here:
a +0 broad axe; a +0 chain mail Unknown command.
An orc warrior is nearby!
Unknown command.
Unknown command.
An orc warrior is nearby!
An orc warrior is nearby!
The orc warrior shouts!
The orc warrior shouts!
You scratch the orc warrior.
The orc warrior is lightly wounded.
A centaur warrior comes into view.
The orc warrior barely misses you.
You claw the orc warrior! Your claw misses the orc warrior.
Your bite misses the orc warrior.
The orc warrior is heavily wounded.
You closely miss the orc warrior. You bite the orc warrior.
The orc warrior is heavily wounded.
The orc warrior completely misses you.
You claw the orc warrior! Your bite misses the orc warrior.
The orc warrior is almost dead.
The orc warrior closely misses you.
The orc warrior hits you with a +0 quarterstaff!
You scratch the orc warrior.
You kill the orc warrior!
The centaur warrior wields a +0 longbow.
The centaur warrior shoots an arrow.
The arrow hits you!
* * * LOW HITPOINT WARNING * * *
The orc warrior misses you.
You barely miss the orc warrior.
The centaur warrior shoots an arrow.
The arrow barely misses you.
The centaur warrior shoots an arrow.
The arrow closely misses you.
You hear a roar!
You scratch the orc warrior but do no damage.
The orc warrior completely misses you.
The centaur warrior shoots an arrow.
The arrow hits you!!
You die...
Your body crumbles into a pile of gold.

.........# .........# ≈.
.........# #'# .........# ##.#
.........#####.c## ######
.............#...######'##....#
.............#..........#...[.#
.............'..$.......#.....#
.......[.....#..@o............###
.............#..................:
.............#...................
#.....#'###...........#.#.#.#....
'.....#...#......................
#.....#...#...........###+###....
#.....'...#$)..#.#######...######
#.....#...#.$....# #).)#
......#...###...## ##+##


You could see a centaur warrior and an orc warrior.

Vanquished Creatures
  Kirke (Lair:3)
  A hydra (D:9)
  A boulder beetle (D:12)
  A two-headed ogre (D:9)
  Erica (D:8)
  2 centaur warriors
  Sonja (D:10)
  Pikel (D:9)
  An orc knight (Orc:1)
  A cyclops (D:12)
  4 elephants (Lair:3)
  Maurice (D:8)
  A merfolk siren (Lair:3)
  2 black mambas
  2 cane toads
  Psyche (D:9)
  2 unseen horror zombies (D:9)
  An unseen horror (D:12)
  2 rime drakes
  4 komodo dragons
  2 merfolk (Lair:3)
  6 trolls
  A slime creature (Lair:4)
  4 blink frogs (Lair:1)
  A vampire (D:12)
  6 humans
  2 wraiths
  A shadow (D:12)
  24 yaks
  3 hogs
  A wyvern (Lair:4)
  A steam dragon (D:7)
  A basilisk (Lair:2)
  2 vampire mosquitoes (D:12)
  4 nagas (Lair:2)
  3 acid dragons
  17 water moccasins
  10 orc warriors
  An ice beast (D:8)
  2 black bears
  2 ogres
  4 wolves (Lair:1)
  6 centaurs
  A phantom (D:3)
  2 lemures (D:9)
  4 kobold brigands
  Blork the orc (D:4)
  9 bullfrogs
  A scorpion (D:6)
  14 wights
  26 killer bees
  An electric eel (Orc:1)
  4 howler monkeys
  6 centaur zombies (D:9)
  5 hounds
  12 orc priests
  14 jellies
  3 iguanas
  13 orc wizards
  2 killer bee zombies (D:9)
  4 howler monkey zombies (D:9)
  8 gnolls
  15 adders
  A white imp (D:7)
  3 ufetubi
  A dart slug (D:1)
  3 worms
  44 orcs
  7 ball pythons
  16 endoplasms
  A giant cockroach (D:3)
  6 goblins
  6 hobgoblins
  3 quokkas
  2 bats
  4 frilled lizards
  23 kobolds
  2 rats
402 creatures vanquished.

Vanquished Creatures (collateral kills)
  A water moccasin (D:7)
  An orc warrior (D:11)
  An ogre (D:7)
  3 orcs
6 creatures vanquished.

Vanquished Creatures (others)
  A troll (D:11)
  A warg (D:12)
  2 ice beasts
  A bullfrog (D:6)
  26 fungi
  30 plants
  12 withered plants
73 creatures vanquished.

Grand Total: 481 creatures vanquished

Notes
Turn   | Place    | Note
-------+----------+-------------------------------------------
     0 | D:1      | 112233 the Felid Fighter began the quest for the Orb.
     0 | D:1      | Reached XP level 1. HP: 10/10 MP: 2/2
   577 | D:3      | Noticed an orc priest
  1055 | D:2      | Reached XP level 2. HP: 8/14 MP: 3/3
  2087 | D:1      | Found a faded altar of an unknown god.
  2512 | D:2      | Reached XP level 3. HP: 17/17 MP: 4/4
  3178 | D:3      | Reached skill level 5 in Dodging
  3489 | D:3      | Found a snail-covered altar of Cheibriados.
  3520 | D:3      | Reached XP level 4. HP: 20/22 MP: 5/5
  4315 | D:4      | Noticed Blork the orc
  4573 | D:5      | Entered Level 5 of the Dungeon
  4601 | D:5      | Reached XP level 5. HP: 22/25 MP: 6/6
  4604 | D:5      | Reached skill level 5 in Unarmed Combat
  4764 | D:6      | Reached skill level 6 in Dodging
  4992 | D:6      | Found a hide-covered altar of Uskayaw.
  5037 | D:5      | Gained mutation: You are covered in thick fur. (AC +2)
                  | [Felid growth]
  5037 | D:5      | Reached XP level 6. HP: 22/29 MP: 7/7
  5088 | D:4      | Killed Blork the orc
  5213 | D:3      | Reached skill level 5 in Fighting
  5359 | D:3      | Reached XP level 7. HP: 31/33 MP: 8/8
  5368 | D:4      | Reached skill level 7 in Dodging
  5737 | D:3      | Found a stormy altar of Qazlal.
  6335 | D:5      | Found a shadowy altar of Dithmenos.
  6593 | D:5      | Found an ornate altar of the Wu Jian Council.
  6833 | D:6      | Reached skill level 8 in Dodging
  6917 | D:6      | Gained mutation: You are dopey. (Int -2) [potion of
                  | mutation]
  6917 | D:6      | Gained mutation: You are strong-willed. (Will+) [potion of
                  | mutation]
  6974 | D:6      | Reached XP level 8. HP: 29/38 MP: 9/9
  7060 | D:6      | Found a glowing silver altar of Zin.
  7438 | D:7      | Found a staircase to the Ecumenical Temple.
  7451 | D:7      | Reached skill level 9 in Dodging
  7605 | Temple   | Entered the Ecumenical Temple
  7637 | Temple   | Became a worshipper of Gozag Ym Sagoz the Greedy
  7702 | D:7      | Reached skill level 1 in Stealth
  7737 | D:7      | Noticed Prince Ribbit
  7740 | D:7      | Noticed Prince Ribbit
  7740 | D:7      | Prince Ribbit changed into Prince Ribbit the water moccasin
  7752 | D:7      | Killed Prince Ribbit the water moccasin
  7859 | D:7      | Noticed a cyclops
  7865 | D:7      | Noticed a rime drake
  7865 | D:7      | a cyclops changed into a rime drake
  7872 | D:7      | Killed a rime drake
  7873 | D:7      | Reached XP level 9. HP: 43/43 MP: 10/10
  8218 | D:7      | Reached skill level 10 in Dodging
  8349 | D:8      | Reached skill level 5 in Stealth
  8685 | D:9      | Noticed Psyche
  9050 | D:8      | Found a staircase to the Lair.
  9096 | D:8      | Noticed Maurice
  9298 | D:8      | Noticed Erica
  9364 | D:7      | Reached skill level 11 in Dodging
  9540 | D:7      | Reached XP level 10. HP: 49/49 MP: 11/11
 10226 | D:8      | Killed Erica
 10454 | D:8      | Killed Maurice
 10463 | Lair:1   | Entered Level 1 of the Lair of Beasts
 10495 | Lair:1   | Noticed a cane toad
 10502 | Lair:1   | Killed a cane toad
 10503 | Lair:1   | Reached skill level 12 in Dodging
 10561 | Lair:1   | Noticed an oklob plant
 10754 | Lair:1   | Reached skill level 10 in Unarmed Combat
 10754 | Lair:1   | Reached XP level 11. HP: 54/54 MP: 12/12
 10995 | Lair:1   | Identified the +2 ring mail of Cawkuafi {Dex+3}
 11485 | Lair:2   | Identified the +2 pair of boots "Nicvez" {rC- rCorr Str+4
                  | SInv}
 11656 | Lair:2   | Found a staircase to the Snake Pit.
 11696 | Lair:3   | Noticed Kirke
 11777 | Lair:3   | Reached skill level 10 in Stealth
 11792 | Lair:3   | Reached skill level 10 in Fighting
 12125 | Lair:4   | Reached skill level 13 in Dodging
 12200 | Lair:4   | Identified the +1 robe of Perpetual Drought {rPois MP+9}
 12373 | Lair:5   | Entered Level 5 of the Lair of Beasts
 12436 | Lair:5   | Noticed Rupert
 12444 | Lair:5   | Found a large runed translucent door.
 12444 | Lair:5   | Found a large runed translucent door.
 12446 | Lair:5   | Noticed H0rd4k's ghost (journeyman OpAr)
 12478 | Lair:5   | Noticed a six-headed hydra
 13153 | Lair:2   | Found a runed translucent door.
 13154 | Lair:2   | Noticed Toxa551's ghost (journeyman HOFi)
 13160 | Lair:2   | Got the Compendium of the Traveller and Changing
 13704 | D:8      | Found a sacrificial altar of Ru.
 13855 | D:9      | Killed Psyche
 13936 | D:9      | Noticed a two-headed ogre
 13997 | D:9      | Killed a two-headed ogre
 14021 | D:9      | Gained mutation: Your thick and shaggy fur keeps you warm.
                  | (AC +3, rC+) [Felid growth]
 14021 | D:9      | Reached XP level 12. HP: 48/59 MP: 13/13
 14186 | D:9      | Reached skill level 14 in Dodging
 14546 | D:9      | Noticed Pikel
 14595 | D:9      | Killed Pikel
 14620 | D:9      | Noticed a tengu warrior
 14621 | D:9      | Noticed a four-headed hydra
 14623 | D:9      | Noticed a centaur warrior
 14637 | D:10     | Entered Level 10 of the Dungeon
 14651 | D:10     | Noticed Sonja
 14930 | D:11     | Noticed Snorg
 15401 | D:9      | Noticed a centaur warrior
 15415 | D:9      | Killed a centaur warrior
 15701 | Lair:3   | Noticed a five-headed hydra
 15926 | Lair:3   | Killed Kirke
 16053 | Lair:3   | Noticed Gastronok
 16102 | Lair:3   | Lost mutation: You are dopey. (Int -2) [potion of mutation]
 16102 | Lair:3   | Lost mutation: You are strong-willed. (Will+) [potion of
                  | mutation]
 16102 | Lair:3   | Gained mutation: You are agile. (Dex +4, Str/Int -1)
                  | [potion of mutation]
 16118 | Lair:4   | HP: 2/60 [black mamba (15)]
 16121 | Lair:4   | Mangled by a black mamba
 16122 | Lair:4   | Reached XP level 11. HP: -9/57 MP: 12/12
 16328 | Lair:4   | Lost mutation: You are agile. (Dex +4, Str/Int -1) [potion
                  | of mutation]
 16328 | Lair:4   | Gained mutation: Your body sometimes deteriorates upon
                  | taking damage. [potion of mutation]
 16328 | Lair:4   | Lost mutation: Your body sometimes deteriorates upon taking
                  | damage. [potion of mutation]
 16328 | Lair:4   | Gained mutation: Your spells are a little harder to cast,
                  | but a little more powerful. [potion of mutation]
 16597 | Lair:5   | Noticed a death yak
 16597 | Lair:5   | Noticed a death yak
 16597 | Lair:5   | Noticed a death yak
 16597 | Lair:5   | Noticed a death yak
 16597 | Lair:5   | Noticed a death yak
 16597 | Lair:5   | Noticed a death yak
 16597 | Lair:5   | Noticed a death yak
 16597 | Lair:5   | Noticed a death yak
 16597 | Lair:5   | Noticed a death yak
 16597 | Lair:5   | Noticed a death yak
 16597 | Lair:5   | Noticed a death yak
 16849 | D:9      | Killed a four-headed hydra
 16850 | D:9      | Reached skill level 15 in Dodging
 16877 | D:9      | Noticed a red ugly thing
 17138 | D:10     | Found a burning altar of Makhleb.
 17343 | D:10     | Found a glowing golden altar of the Shining One.
 17347 | D:10     | Found a shimmering blue altar of Sif Muna.
 17348 | D:10     | Found a broken altar of Ashenzari.
 17349 | D:10     | Found an ancient bone altar of Kikubaaqudgha.
 17408 | D:10     | Killed Sonja
 17644 | D:10     | Found a blossoming altar of Fedhas.
 17689 | D:11     | Reached XP level 12. HP: 61/61 MP: 13/13
 17927 | D:11     | Noticed a four-headed hydra
 18046 | D:11     | Noticed a centaur warrior
 18065 | D:11     | HP: 1/61 [orc warrior/bolt (22)]
 18180 | D:12     | Learned a level 1 spell: Apportation
 18183 | D:12     | Learned a level 2 spell: Blink
 18186 | D:12     | Learned a level 2 spell: Passwall
 18382 | D:12     | Noticed a boulder beetle
 18384 | D:12     | Killed a boulder beetle
 18385 | D:12     | Reached skill level 1 in Transmutations
 18405 | D:12     | Found a staircase to the Orcish Mines.
 18460 | D:12     | Found a runed translucent door.
 18461 | D:12     | Noticed raetorn's ghost (journeyman KoBr)
 18477 | D:12     | Reached skill level 1 in Spellcasting
 18717 | D:12     | Found an iron altar of Okawaru.
 18717 | D:12     | Noticed a centaur warrior
 18777 | D:12     | Noticed a centaur warrior
 18779 | D:12     | Noticed a centaur warrior
 18819 | Orc:1    | Entered Level 1 of the Orcish Mines
 19375 | Orc:1    | Found Kamoozoa's General Store.
 19383 | Orc:1    | Bought a condenser vane for 400 gold pieces
 19383 | Orc:1    | Bought a scroll of teleportation for 30 gold pieces
 19441 | Orc:1    | Noticed an ettin
 19506 | D:12     | Identified the +3 leather armour "Ragg" {Dex+2}
 19542 | D:12     | Shot with an arrow by a deep elf archer
 19543 | D:12     | Reached XP level 11. HP: -1/57 MP: 14/14
 19599 | D:12     | Killed a centaur warrior
 19658 | D:12     | Identified the +5 dire flail of Poverty {flame, rC++ rCorr
                  | Dex-5 Stlth+}
 19665 | D:12     | Noticed a centaur warrior
 19671 | D:12     | Shot with an arrow by a centaur warrior

Illustrated notes

Levels and vault maps discovered:
D:1:      spicycebolla_arrival_clurvy, layout_loops_ring,
          dilly_ecumenical_altar_fadedgnrine
D:2:      layout_rooms
D:3:      layout_basic, mainiacjoe_overflow_catch_the_wave
D:4:      layout_gridville, nicolae_kite_square_tiling_tiny,
          kennysheep_generic_room_11, uniq_blork_the_orc
D:5:      layout_loops_ring, mainiacjoe_overflow_surrounded_room,
          mainiacjoe_overflow_alcove_4
D:6:      layout_rooms, mainiacjoe_overflow_six_doors_small, zin_scriptorium,
          chequers_serial_rivers_micro_c
D:7:      layout_gridville, minmay_temple_entry_mist, minmay_crystal_room,
          chequers_serial_rivers_marsh, serial_bayou_pond_c,
          kennysheep_flooded_box, uniq_prince_ribbit1
D:8:      layout_rooms, nicolae_ru_awakened_eye, lair_entry_dummy,
          minmay_ruffians, uniq_erica, uniq_maurice
D:9:      minmay_blocky_corners, layout_basic, serial_undead, serial_undead_b,
          serial_undead_c, serial_undead_d, serial_undead_f, serial_undead_d,
          serial_undead_e, serial_undead_f, serial_undead_b, serial_undead_d,
          serial_undead_b, uniq_pikel, uniq_psyche
D:10:     layout_long_grid, fedhas_altar_fruit_tree, lightli_temple_of_fire,
          grunt_temple_overflow_open, uniq_sonja
D:11:     nzn_winding_woodlands_three_and_one
          [nzn_winding_woodlands_5x15_parted,
          nzn_winding_woodlands_5x15_sawtooth,
          nzn_winding_woodlands_5x15_split_checker,
          nzn_winding_woodlands_center_triple_pond], layout_basic,
          gauntlet_entry_generic, nicolae_shop_firing_range, uniq_snorg
D:12:     evilmike_iron_armoury, layout_gridville, david_orc_2,
          ebering_ghost_inner_flame, kennysheep_small_circle
Temple:   corrupted_temple
Lair:1:   layout_regular_city
Lair:2:   layout_loops_ring, minmay_snake_entry_guardpost_small,
          gammafunk_ghost_grave
Lair:3:   layout_small_grid, elwin_shoals_entry_rooms,
          nicolae_quartered_pool_medium, minmay_hedge_maze,
          columned_hall_lemuel, uniq_gastronok, uniq_kirke
Lair:4:   lemuel_slime, layout_gridlike, cheibrodos_lair_reptile_den,
          infiniplex_staircase_pool_2
Lair:5:   grunt_lair_end_beastmaster, layout_hall_layers,
          dpeg_slime_entry_corner, ebering_ghost_disaster_area,
          chequers_serial_rivers_small_a, uniq_rupert
Orc:1:    layout_caves, serial_shops, nicolae_square_shop,
          nicolae_orc_flooded_monolith, bloody_makhleb

Skill      XL: |  1  2  3  4  5  6  7  8  9 10 11 12 |
---------------+-------------------------------------+-----
Dodging        | 5 6 8 9 11 12 15 14 | 15.6
Fighting       | 4 5 6 7 8 9 10 12 | 12.2
Unarmed Combat | 5 6 7 8 10 12 | 12.5
Stealth        | 3 6 9 11 13 | 13.7
Transmutations | 2 |  2.3
Spellcasting   | 1 |  1.8

Action                   |  1- 3 |  4- 6 |  7- 9 | 10-12 || total
-------------------------+-------+-------+-------+-------++-------
Melee: Unarmed           |   120 |   117 |   408 |  1004 ||  1649
       Bite              |     8 |    17 |    38 |   136 ||   199
       Punch             |     4 |     7 |    17 |    75 ||   103
Invok: Potion Petition   |       |       |       |     6 ||     6
Evoke: Wand              |       |       |    12 |    33 ||    45
       Phantom mirror    |       |       |       |     2 ||     2
       Piece from Xom's  |       |       |       |     7 ||     7
       Tin of tremorston |       |       |       |     2 ||     2
       Condenser vane    |       |       |       |     1 ||     1
  Use: Potion            |       |     3 |    11 |     7 ||    21
       Scroll            |       |       |    13 |    15 ||    28
 Stab: Sleeping          |     3 |       |     7 |    19 ||    29
       Distracted        |       |       |     2 |    16 ||    18
Armor: Skin              |     5 |     2 |    18 |    42 ||    67
Dodge: Dodged            |    72 |   113 |   420 |   991 ||  1596
